Map: Deathaura LE

Players

LiquidTLO (TLO)

  • Race: Zerg Zerg
  • League: Master
  • Spawn Location: 5:00

DisK - Winner!

  • Race: Protoss Protoss
  • League: Grandmaster
  • Spawn Location: 11:00

Event: DreamHack SC2 Masters 2020 Summer North America

VOD

Have the link to the VOD?

Description

Time

  • Played on: June 30, 2020, 3:18 p.m.
  • Length: 12:47

All games in this series

Show
View Real Time Build Order
Export as new Build Order

LiquidTLO Zerg 

Build Orders: Hatch First 

Get SALT Encoding   

  12  0:00  Drone  
  13  0:13  Overlord  
  13  0:16  Drone  
  14  0:31  Drone x2  
  16  0:48  Hatchery  
  15  0:51  Drone  
  15  0:55  Drone  
  17  0:58  Drone  
  18  1:04  Extractor  
  17  1:14  Spawning Pool  
  17  1:17  Drone  
  17  1:21  Drone  
  18  1:29  Drone  
  19  1:39  Drone  
  20  1:50  Overlord  
  21  2:01  Queen x2, Zergling x2  
  21  2:06  Metabolic Boost  
  25  2:10  Drone  
  25  2:11  Drone  
  25  2:15  Drone  
  28  2:31  Hatchery  
  28  2:34  Drone  
  28  2:35  Zergling x2  
  29  2:40  Drone  
  30  2:44  Queen  
  30  2:49  Overlord  
  32  2:54  Drone  
  33  3:00  Drone, Overlord  
  33  3:04  Drone x2  
  36  3:08  Drone  
  36  3:10  Drone x2  
  39  3:14  Drone  
  39  3:17  Overlord  
  39  3:23  Zergling x2  
  40  3:27  Zergling x2  
  40  3:30  Overlord  
  40  3:32  Queen  
  43  3:37  Overlord  
  43  3:43  Queen  
  43  3:44  Drone  
  43  3:47  Baneling Nest  
  45  3:48  Drone  
  45  3:50  Drone  
  45  3:55  Drone  
  48  3:56  Drone x2  
  48  3:58  Drone  
  48  3:59  Drone  
  48  4:01  Drone  
  53  4:05  Drone x2  
  53  4:08  Spore Crawler  
  53  4:09  Zergling x2  
  55  4:13  Drone, Spore Crawler  
  55  4:15  Drone  
  55  4:16  Drone  
  57  4:19  Drone  
  58  4:26  Overlord  
  58  4:27  Drone x3  
  58  4:28  Drone  
  58  4:30  Drone  
  63  4:34  Overlord  
  63  4:35  Zergling x2  
  64  4:43  Overlord x2  
  64  4:49  Spore Crawler  
  64  4:52  Spore Crawler  
  62  4:53  Overlord  
  62  4:54  Spore Crawler  
  62  4:55  Zergling x2  
  62  4:56  Zergling x2  
  62  4:57  Zergling x2  
  65  5:01  Zergling x2  
  65  5:03  Zergling x2  
  65  5:04  Zergling x2  
  65  5:06  Zergling x2  
  69  5:08  Zergling x2  
  69  5:09  Hatchery, Zergling x2  
  69  5:10  Zergling x2  
  69  5:12  Zergling x2  
  72  5:14  Zergling x2  
  72  5:15  Zergling x2  
  72  5:17  Zergling x2  
  72  5:18  Zergling x2  
  72  5:19  Drone, Zergling x2  
  78  5:24  Overlord  
  78  5:25  Baneling x11  
  78  5:29  Drone  
  78  5:31  Drone  
  78  5:33  Drone  
  78  5:35  Drone  
  82  5:38  Evolution Chamber  
  82  5:42  Drone  
  77  5:52  Drone  
  77  5:53  Drone x2  
  77  5:54  Zergling x2  
  77  5:56  Lair  
  76  5:57  Drone x6  
  76  6:00  Drone, Extractor x2  
  76  6:02  Roach Warren, Zergling x2  
  77  6:06  Drone  
  77  6:08  Drone  
  77  6:09  Drone x2  
  81  6:12  Drone x2  
  81  6:13  Drone x2, Extractor  
  81  6:16  Drone x2  
  81  6:17  Drone x2, Extractor  
  88  6:18  Drone  
  88  6:19  Extractor  
  88  6:21  Drone  
  88  6:22  Drone  
  89  6:30  Drone  
  89  6:31  Drone, Overlord  
  90  6:34  Zerg Melee Weapons Level 1  
  90  6:35  Zergling x2  
  90  6:36  Zergling x2  
  90  6:38  Zergling x6  
  90  6:39  Spore Crawler, Zergling x2  
  95  6:41  Baneling, Zergling x2  
  95  6:44  Zergling x2  
  95  6:45  Spore Crawler, Zergling x2  
  97  6:48  Roach  
  97  6:49  Overlord  
  97  6:50  Roach  
  97  6:51  Roach  
  97  6:53  Roach  
  105  6:57  Roach  
  105  6:58  Glial Reconstitution  
  105  7:00  Drone  
  103  7:02  Drone  
  103  7:05  Drone x4  
  103  7:07  Drone x3  
  110  7:08  Centrifical Hooks  
  110  7:11  Drone  
  110  7:12  Roach  
  110  7:14  Drone  
  110  7:15  Drone x3  
  116  7:16  Drone  
  116  7:17  Baneling  
  116  7:18  Baneling x4  
  116  7:20  Roach  
  120  7:24  Roach  
  120  7:26  Overlord, Queen  
  120  7:27  Roach  
  126  7:31  Roach  
  126  7:32  Roach  
  126  7:34  Overlord  
  126  7:35  Overlord, Zergling x2  
  131  7:37  Zergling x2  
  131  7:38  Zergling x2  
  131  7:41  Roach  
  131  7:43  Overlord x2  
  134  7:47  Zergling x2  
  134  7:48  Drone x2, Spire  
  134  7:50  Zergling x2, Extractor  
  134  7:51  Drone  
  137  7:52  Drone  
  137  7:54  Baneling x8  
  137  7:56  Roach  
  137  7:58  Roach  
  142  8:00  Roach  
  142  8:01  Zergling x4  
  142  8:02  Zergling x2  
  142  8:03  Drone  
  142  8:04  Zergling x2  
  148  8:05  Zergling x2  
  148  8:09  Zergling x2  
  148  8:11  Zergling x2  
  151  8:15  Zergling x20  
  151  8:16  Overlord  
  161  8:20  Overlord  
  161  8:23  Baneling  
  161  8:24  Baneling x14  
  161  8:32  Zergling x14  
  161  8:33  Zerg Melee Weapons Level 2  
  168  8:34  Overlord  
  168  8:41  Roach  
  167  8:43  Roach x2  
  167  8:44  Zergling x2  
  167  8:45  Zergling x4  
  167  8:47  Baneling  
  172  8:50  Zergling x4  
  172  8:52  Hatchery, Roach  
  172  8:53  Ravager  
  173  8:56  Roach  
  173  8:59  Roach  
  173  9:00  Roach  
  173  9:02  Roach  
  174  9:03  Roach  
  174  9:06  Roach  
  174  9:07  Roach x7  
  174  9:08  Roach  
  185  9:12  Roach  
  185  9:13  Roach x2  
  185  9:14  Roach  
  185  9:15  Roach  
  185  9:16  Roach  
  192  9:17  Zergling x2  
  192  9:19  Ravager  
  192  9:20  Zergling x4  
  193  9:26  Roach  
  193  9:27  Roach  
  193  9:30  Zergling x8  
  194  9:31  Zergling x2  
  194  9:35  Zergling x6  
  194  9:37  Zergling x2  
  194  9:38  Zergling x2  
  191  9:41  Baneling x8  
  191  9:43  Ravager  
  191  9:44  Ravager  
  188  9:46  Extractor  
  188  9:49  Roach x4  
  188  9:51  Roach  
  197  9:58  Zergling x2  
  197  9:59  Infestation Pit, Zergling x2  
  190  10:00  Hatchery  
  190  10:01  Baneling x4  
  190  10:03  Roach  
  190  10:05  Roach  
  192  10:09  Roach  
  192  10:11  Roach  
  192  10:13  Roach  
  195  10:14  Roach  
  195  10:16  Roach  
  195  10:17  Roach  
  195  10:19  Roach  
  195  10:20  Roach  
  197  10:22  Roach  
  197  10:24  Baneling x5  
  197  10:26  Roach  
  197  10:27  Roach  
  198  10:33  Roach  
  198  10:34  Roach  
  198  10:35  Roach  
  193  10:36  Zergling x2  
  193  10:39  Zergling x2  
  193  10:40  Zergling x2  
  193  10:41  Zergling x2  
  193  10:42  Zergling x2  
  174  10:43  Zergling x2  
  174  10:44  Roach  
  174  10:45  Zergling x2  
  174  10:46  Zergling x2  
  174  10:47  Zergling x2  
  174  10:48  Zergling x6  
  174  10:49  Zergling x4  
  172  10:50  Zergling x4  
  172  10:51  Roach  
  172  10:54  Hive  
  172  10:55  Zergling x4  
  172  10:56  Zergling x2  
  176  10:58  Drone  
  176  10:59  Queen  
  176  11:02  Zergling x2  
  176  11:06  Zergling x2  
  176  11:08  Ravager x6  
  176  11:09  Drone  
  184  11:15  Zergling x10  
  184  11:16  Zergling x4  
  191  11:19  Baneling x7  
  191  11:21  Zergling x2  
  192  11:26  Zergling x4  
  192  11:27  Zergling x4  
  192  11:29  Roach  
  192  11:31  Baneling x9  
  198  11:33  Zergling x4  
  198  11:43  Overlord  
  188  11:47  Overlord  
  182  11:58  Extractor  
  182  11:59  Extractor  
  180  12:11  Hatchery  
  180  12:13  Zergling x2  
  180  12:14  Zergling x40  
  196  12:23  Roach  
  196  12:24  Roach  
  196  12:29  Zergling x4  
Show
View Real Time Build Order
Export as new Build Order

DisK Protoss - Winner!

Build Orders: 1 Gate Expand, Oracle Opening, Phoenix Opening, Zealot Archon 

Get SALT Encoding   

  12  0:00  Probe  
  13  0:12  Probe  
  14  0:17  Pylon  
  14  0:24  Probe  
  15  0:33  Probe  
  15  0:35  Gateway  
  15  0:41  Probe  
  16  0:47  Assimilator  
  17  0:52  Probe  
  18  1:04  Probe  
  19  1:16  Probe  
  20  1:24  Nexus  
  20  1:34  Cybernetics Core  
  20  1:38  Probe  
  21  1:42  Assimilator  
  21  1:49  Pylon  
  21  1:55  Probe  
  21  2:01  Adept  
  22  2:03  Probe  
  23  2:11  Probe  
  26  2:21  Stargate  
  26  2:24  Probe  
  27  2:30  Adept  
  27  2:34  Warp Gate  
  27  2:36  Probe  
  30  2:37  Probe  
  31  2:45  Probe  
  31  2:48  Probe  
  32  2:54  Probe  
  33  3:00  Probe  
  33  3:01  Adept  
  33  3:03  Phoenix  
  36  3:06  Probe  
  36  3:12  Probe  
  40  3:18  Probe  
  41  3:24  Pylon, Probe  
  42  3:31  Probe  
  43  3:35  Oracle  
  43  3:41  Probe, Pylon  
  46  3:42  Assimilator, Probe  
  46  3:45  Assimilator  
  48  3:49  Gateway, Probe  
  48  3:54  Probe  
  50  3:57  Probe  
  51  4:04  Robotics Facility  
  51  4:06  Probe  
  51  4:09  Probe  
  53  4:12  Oracle  
  56  4:19  Probe  
  56  4:21  Pylon  
  56  4:23  Adept  
  59  4:29  Nexus  
  59  4:33  Pylon  
  59  4:40  Shield Battery  
  59  4:41  Probe x2  
  59  4:45  Sentry x2  
  65  4:53  Probe x2  
  67  5:03  Probe x2  
  67  5:06  Observer, Twilight Council  
  70  5:09  Forge  
  70  5:11  Probe x2  
  70  5:13  Pylon  
  70  5:19  Gateway, Probe x2  
  72  5:22  Gateway  
  72  5:26  Zealot x2  
  78  5:36  Immortal  
  78  5:39  Probe x2  
  80  5:51  Zealot  
  80  5:52  Zealot  
  82  5:57  Probe x2  
  82  6:02  Protoss Ground Weapons Level 1  
  83  6:09  Gateway, Charge  
  83  6:12  Gateway  
  83  6:13  Pylon  
  83  6:14  Probe x3  
  83  6:16  Pylon  
  86  6:21  Templar Archives, Zealot  
  88  6:29  Probe x3  
  88  6:35  Warp Prism  
  88  6:37  Probe  
  88  6:38  Assimilator, Probe  
  93  6:40  Pylon, Probe  
  93  6:42  Assimilator  
  96  6:50  Probe x2  
  98  6:59  Zealot x2  
  102  7:04  Probe x2  
  101  7:09  Gateway  
  101  7:10  Gateway  
  101  7:11  Pylon  
  101  7:12  Gateway  
  101  7:13  Psionic Storm  
  101  7:15  High Templar x3  
  107  7:16  High Templar  
  107  7:19  Archon  
  107  7:20  Shield Battery  
  107  7:22  Archon  
  109  7:29  Photon Cannon  
  111  7:30  Immortal  
  111  7:31  Probe  
  111  7:32  Probe  
  111  7:35  Shield Battery  
  111  7:36  Pylon  
  115  7:44  High Templar x2  
  115  7:48  High Templar x2, Zealot  
  125  7:51  Pylon  
  125  7:52  Archon  
  125  7:53  Archon, Pylon x2  
  125  7:57  Photon Cannon  
  124  7:59  Pylon  
  124  8:05  High Templar x3  
  130  8:10  Nexus  
  130  8:11  Pylon  
  130  8:13  Pylon  
  130  8:19  Zealot  
  132  8:20  Zealot x3  
  132  8:21  Protoss Ground Weapons Level 2  
  132  8:25  Gateway  
  132  8:26  Photon Cannon  
  138  8:34  High Templar  
  138  8:35  High Templar  
  138  8:36  Photon Cannon  
  138  8:39  Gateway  
  136  8:46  Gateway  
  130  8:52  Photon Cannon  
  130  8:54  Zealot x4  
  126  9:02  Zealot x2  
  126  9:03  Zealot  
  126  9:07  Archon  
  126  9:08  Archon  
  131  9:15  Immortal  
  131  9:16  Zealot x3  
  137  9:18  Zealot  
  137  9:36  Zealot x7  
  145  9:44  High Templar x3  
  145  9:57  High Templar x5  
  155  10:01  Archon x2  
  155  10:09  Gateway  
  155  10:13  Zealot x2  
  155  10:17  Zealot x3  
  143  10:40  Zealot x6  
  149  10:46  Zealot x3  
  147  10:51  Immortal  
  147  10:52  Zealot  
  147  10:53  Zealot  
  147  10:54  Probe x2  
  147  10:55  Probe x2  
  151  10:58  Assimilator  
  151  10:59  Assimilator  
  151  11:01  Zealot  
  151  11:02  High Templar  
  151  11:03  High Templar x3  
  155  11:04  Stalker  
  155  11:08  Archon x2  
  157  11:12  Shield Battery, Zealot x3  
  157  11:13  Shield Battery  
  163  11:36  High Templar x2  
  163  11:37  Stalker x4  
  175  11:43  Archon  
  173  11:52  Zealot x5  
  171  11:55  Probe  
  171  12:00  Stalker  
  171  12:01  Stalker x3  
  180  12:02  Observer  
  181  12:08  Photon Cannon  
  181  12:09  Photon Cannon  
  181  12:10  Shield Battery  
  181  12:19  Probe x4  
  181  12:32  Zealot x9  
  181  12:35  Archon  
Tags
 
Add a new tag
Caveats
  • Supply blocks, unpowered buildings, or Contaminate may cause inaccurate times.
  • Supply counts are checked every 10 seconds.